AoeStats
← Xx360nOsCoPexX

Arena

504975300Analyzed
4v4 RM · 24d ago on Sep 7, 2026· 50m 0s· 8 players
Game mode
Random Map
Map size
Large (8 player)
Population
200
Speed
Normal
Resources
Standard
Victory
Conquest
Starting age
Dark Age
Ending age
Imperial Age
RankedLock teamsTeams togetherTeam positionsShared explorationLock speedFull tech treeHidden civsTurbo modeCheats
Victory
Defeat
🇩🇪 Inca · Germany
1074
+13
🇱🇻 Lithuanians · Latvia
970
+17
🇲🇽 Vikings · Mexico
956
+18
🇪🇸 Spanish · Spain
918
+55
1106
-21
🇧🇷 Chinese · Brazil
1011
-41
🇳🇿 Mongols · New Zealand
999
-48
🇹🇼 Khmer · Taiwan
884
-12
Xx360nOsCoPexX
9:40 Feudal Age
10:06 Double-Bit Axe
10:02 Horse Collar
12:33 Gold Mining
12:36 Stone Mining
14:21 Wheelbarrow
21:41 Castle Age
20:59 Scale Barding Armor
22:59 Gold Shaft Mining
22:38 Bow Saw
24:01 Stone Shaft Mining
24:00 Bloodlines
24:56 Husbandry
25:32 Hand Cart
27:57 Forging
33:41 Chain Barding Armor
39:18 Imperial Age
37:53 Iron Casting
37:39 Chain Barding Armor
39:22 Cavalier
39:28 Elite Steppe Lancer
42:21 Conscription
43:44 Padded Archer Armor
43:35 Fletching
44:33 Conscription
Shalashaska Skins
0:52 Loom
12:24 Feudal Age
13:51 Wheelbarrow
13:07 Double-Bit Axe
13:14 Horse Collar
16:40 Gold Mining
20:36 Castle Age
21:29 Fletching
22:19 Gold Shaft Mining
22:02 Hand Cart
21:51 Heavy Plow
22:12 Bow Saw
26:16 Thumb Ring
26:15 Murder Holes
26:41 Ballistics
27:33 Stone Mining
28:52 Pikeman
29:21 Arson
30:00 Forging
29:51 Scale Mail Armor
32:16 Iron Casting
31:56 Chain Mail Armor
31:37 Bodkin Arrow
31:59 Fortified Wall
33:33 Masonry
40:04 Imperial Age
39:23 Bloodlines
39:16 Husbandry
39:48 Scale Barding Armor
39:46 Padded Archer Armor
40:45 Great Wall
41:07 Conscription
41:53 Chemistry
41:35 Architecture
42:15 Two-Man Saw
42:19 Blast Furnace
41:49 Plate Mail Armor
41:20 Bracer
41:36 Leather Archer Armor
41:21 Cavalier
chen860704
9:17 Loom
13:06 Feudal Age
16:06 Gold Mining
21:13 Castle Age
23:17 Stone Mining
24:33 Fortified Wall
24:35 Masonry
30:28 Murder Holes
要打去練舞室打
7:07 Loom
9:32 Feudal Age
10:08 Double-Bit Axe
11:06 Horse Collar
25:09 Castle Age
27:02 Fortified Wall
Columbus
10:35 Feudal Age
9:19 Loom
14:16 Castle Age
22:39 Fletching
24:33 Crossbowman
25:09 Bodkin Arrow
30:03 Scale Mail Armor
30:05 Stone Mining
31:24 Masonry
35:17 Murder Holes
36:40 Horse Collar
36:46 Double-Bit Axe
38:56 Ballistics
38:50 Town Watch
39:19 Gold Mining
39:42 Bow Saw
39:34 Heavy Plow
42:52 Imperial Age
40:34 Forging
40:08 Treadmill Crane
41:11 Gold Shaft Mining
41:09 Fortified Wall
42:17 Chain Mail Armor
43:04 Iron Casting
43:27 Chieftains
42:54 Capped Ram
43:55 Town Patrol
44:53 Plate Mail Armor
45:05 Crop Rotation
45:36 Two-Man Saw
44:50 Siege Ram
46:30 Elite Berserk
47:58 Arson
48:14 Squires
48:03 Arson
49:20 Blast Furnace
48:21 Bracer
48:58 Bogsveigar
48:27 Spies/Treason
raulloiraportabales
9:31 Feudal Age
9:25 Loom
10:50 Double-Bit Axe
13:21 Horse Collar
19:38 Castle Age
21:15 Wheelbarrow
20:48 Stone Mining
26:19 Hand Cart
26:25 Gold Mining
27:49 Heavy Plow
28:51 Pikeman
32:03 Stone Shaft Mining
32:58 Thumb Ring
33:26 Man-at-Arms
39:22 Imperial Age
40:18 Masonry
40:29 Ballistics
41:09 Chemistry
40:05 Murder Holes
46:52 Cavalier
Crusader
11:19 Feudal Age
15:51 Castle Age
13:41 Double-Bit Axe
13:39 Horse Collar
14:32 Gold Mining
16:33 Wheelbarrow
16:26 Bloodlines
20:15 Husbandry
21:26 Forging
22:00 Scale Barding Armor
25:00 Hand Cart
25:01 Bow Saw
27:03 Fervor
28:19 Iron Casting
28:06 Chain Barding Armor
35:55 Imperial Age
36:46 Cavalier
38:37 Plate Barding Armor
38:24 Paladin
39:33 Fortified Wall
41:22 Two-Man Saw
42:15 Conscription
XJakeTheRipper7
2:39 Loom
11:07 Feudal Age
11:42 Double-Bit Axe
13:26 Horse Collar
16:58 Castle Age
16:05 Horse Collar
16:17 Gold Mining
16:17 Stone Mining
16:35 Champi Runner
22:18 Wheelbarrow
23:33 Champi Runner
25:14 Hand Cart
26:01 Bow Saw
26:29 Heavy Plow
28:06 Gold Shaft Mining
27:23 Stone Mining
33:37 Imperial Age
30:33 Champi Warrior
30:39 Pikeman
31:22 Squires
31:07 Arson
31:47 Treadmill Crane
32:28 Ballistics
31:32 Elite Skirmisher
32:18 Thumb Ring
33:03 Stone Shaft Mining
32:28 Town Watch
33:50 Fletching
34:00 Padded Archer Armor
34:39 Fortified Wall
35:07 Crop Rotation
34:37 Bodkin Arrow
34:52 Forging
34:28 Heavy Scorpion
35:40 Leather Archer Armor
35:45 Halberdier
37:20 Bracer
38:08 Ring Archer Armor
38:12 Scale Mail Armor
39:26 Iron Casting
39:04 Elite Champi Warrior
41:24 Conscription
41:09 Andean Sling
42:37 Blast Furnace
41:53 Chain Mail Armor
43:05 Chemistry
46:23 Plate Mail Armor
48:25 Spies/Treason
Connection lost

Rejoining the realm…

Still unreachable

The connection could not be restored.

Session expired

The server has moved on; the page needs a fresh start.